 Dungeon Crawl Stone Soup version 0.24.0-1-gfbc8707 (webtiles) character file.

Game seed: 3403880592134410978, levelgen mode: deterministic

209 Buxparty the Slasher (level 5, -3/41 HPs)
             Began as a Mummy Gladiator on Jan 5, 2020.
             Was an Initiate of Gozag.
             Slain by an iguana (11 damage)
             ... on level 4 of the Dungeon.
             The game lasted 00:05:59 (3258 turns).

Buxparty the Slasher (Mummy Gladiator)              Turns: 3258, Time: 00:06:00

Health: -3/41      AC:  4    Str: 19    XL:     5   Next: 55%
Magic:  5/5        EV: 13    Int:  7    God:    Gozag
Gold:   75         SH:  0    Dex: 13    Spells: 4/4 levels left

rFire    x . .     SeeInvis .   a - +0 long sword
rCold    + + .     Gourm    .   (no shield)
rNeg     + + +     Faith    .   b - +0 leather armour
rPois    ∞         Spirit   .   c - +0 helmet
rElec    .         Reflect  .   (no cloak)
rCorr    .         Harm     .   (no gloves)
MR       .....                  (no boots)
Stlth    +.........             (no amulet)
HPRegen  0.13/turn              m - ring of protection from cold
MPRegen  0.09/turn              (no ring)

@: no status effects
A: no food or potions, fire vulnerability, cold resistance 1, negative energy
resistance 3, torment resistance, unbreathing
a: Potion Petition, Call Merchant, Bribe Branch, Renounce Religion


You were on level 4 of the Dungeon.
You worshipped Gozag.
Gozag was noncommittal.
You were not hungry.

You visited 2 branches of the dungeon, and saw 6 of its levels.

You collected 97 gold pieces.
You paid 22 gold pieces to Gozag.

Inventory:

Hand Weapons
 a - a +0 long sword (weapon)
Missiles
 d - 2 throwing nets (quivered)
Armour
 b - a +0 leather armour (worn)
 c - a +0 helmet (worn)
Jewellery
 m - a ring of protection from cold (left hand)
Wands
 j - a wand of clouds (7)
Scrolls
 e - 4 scrolls of enchant weapon {unknown}
 f - 3 scrolls of teleportation {unknown}
 g - 4 scrolls of identify {unknown}
 h - 4 scrolls of remove curse {unknown}
 i - a scroll of noise {unknown}
 k - 2 scrolls of amnesia {unknown}
 l - a scroll of immolation {unknown}


   Skills:
 + Level 3.1 Fighting
 + Level 3.2 Long Blades
 + Level 2.4 Throwing
 + Level 1.7 Armour
 + Level 3.2 Dodging


You had 4 spell levels left.
You didn't know any spells.
Your spell library was empty.

Dungeon Overview and Level Annotations

Branches:
Dungeon (5/15)             Temple (1/1) D:4

Altars:
Ashenzari
Cheibriados
Dithmenos
Elyvilon
Fedhas
Gozag
Hepliaklqana
Kikubaaqudgha
Makhleb
Nemelex Xobeh
Okawaru
Qazlal
Ru
Sif Muna
Trog
Uskayaw
Vehumet
Xom
Yredelemnul
Zin
The Shining One

Annotations:
D:4 1 runed translucent door, LostInSpace's ghost, amateur OpTm
D:5 Grinder


Innate Abilities, Weirdness & Mutations

You do not eat or drink.
Your flesh is vulnerable to fire.
You are immune to poison.
Your flesh is cold resistant. (rC+)
You are immune to negative energy. (rN+++)
You are immune to unholy pain and torment.
You can survive without breathing.


Message History

You closely miss the iguana. The iguana bites you. The iguana bites you!
You barely miss the iguana. The iguana bites you!
You completely miss the iguana. The iguana misses you.
You hit the iguana.
The iguana is lightly wounded.
The iguana bites you!
* * * LOW HITPOINT WARNING * * *
You barely miss the iguana.
The iguana is lightly wounded.
The iguana closely misses you. The iguana misses you.
You riposte.
You barely miss the iguana.
The iguana is lightly wounded.
You closely miss the iguana.
The iguana is lightly wounded.
The iguana barely misses you.
You hit the iguana.
The iguana is moderately wounded.
The iguana bites you!
You die...
Your body crumbles into a pile of gold.

# #........#....# #
#........#....# #
#.............#
#######......#......##
.............+.......#
.............##.####.#
.................# #.#
.####............# #.#
.# #..........l@###.#
.# #......%.........#
.# #............#####
.####............#
.#...............#
##.#.............#
#.#.............#
#.#.............#
#.#.............#


You could see an iguana.

Vanquished Creatures
  A hound (D:3)
  2 worker ants (D:4)
  Terence (D:2)
  3 adders
  A worm (D:3)
  2 dart slugs (D:1)
  A leopard gecko (D:1)
  5 orcs
  7 bats
  4 giant cockroaches
  8 goblins
  8 hobgoblins
  7 jackals
  A quokka (D:2)
  2 ball pythons (D:1)
  5 frilled lizards
  5 kobolds
  A quokka skeleton (D:4)
  5 rats
69 creatures vanquished.

Notes
Turn   | Place    | Note
-------+----------+-------------------------------------------
     0 | D:1      | Buxparty the Mummy Gladiator began the quest for the Orb.
     0 | D:1      | Reached XP level 1. HP: 16/16 MP: 1/1
    75 | D:1      | Reached XP level 2. HP: 22/22 MP: 2/2
   785 | D:1      | Reached XP level 3. HP: 28/28 MP: 3/3
  1478 | D:2      | Noticed Terence
  1488 | D:2      | Killed Terence
  1488 | D:2      | Reached skill level 1 in Armour
  1488 | D:2      | Reached XP level 4. HP: 29/34 MP: 4/4
  2161 | D:3      | Reached XP level 5. HP: 28/40 MP: 5/5
  2497 | D:4      | Found a runed translucent door.
  2497 | D:4      | Noticed LostInSpace's ghost (amateur OpTm)
  2514 | D:4      | Found a blossoming altar of Fedhas.
  2666 | D:4      | Found a staircase to the Ecumenical Temple.
  2682 | Temple   | Entered the Ecumenical Temple
  2706 | Temple   | Became a worshipper of Gozag Ym Sagoz the Greedy
  3247 | D:5      | Entered Level 5 of the Dungeon
  3247 | D:5      | Noticed Grinder
  3247 | D:5      | Noticed a sky beast
  3258 | D:4      | Slain by an iguana

Levels and vault maps discovered:
D:1:      psy_arrival_heroes, layout_basic
D:2:      layout_rooms, uniq_terence
D:3:      layout_basic
D:4:      layout_basic, minmay_temple_entry_ruins,
          hellmonk_ghost_happy_afterlife, first_ration, fedhas_altar_2
D:5:      layout_rooms, uniq_blork_the_orc, uniq_menkaure, uniq_eustachio,
          uniq_grinder
Temple:   nicolae_temple_the_god_donut

Skill      XL: |  1  2  3  4  5 |
---------------+----------------+-----
Throwing       | 2 |  2.4
Armour         | 1 |  1.7
Long Blades    | 3 |  3.2
Dodging        | 3 |  3.2
Fighting       | 3 |  3.1

Action                   |  1- 3 |  4- 6 || total
-------------------------+-------+-------++-------
Melee: Long sword        |   104 |   101 ||   205
Throw: Throwing net      |       |     1 ||     1
Armor: Leather armour    |    39 |    24 ||    63
Dodge: Dodged            |    93 |   104 ||   197
       Rpst.: Long sword |    33 |    39 ||    72
